Map: Deathaura LE

Players

A.I. 1 (Very Hard) - Winner!

  • Race: Terran Terran
  • Spawn Location: 11:00

jheffe

  • Race: Terran Terran
  • League: Master
  • Spawn Location: 5:00

VOD

Have the link to the VOD?

Description

Time

  • Played on: Jan. 30, 2021, 6:03 p.m.
  • Length: 10:00
Show
View Real Time Build Order
Export as new Build Order

A.I. 1 (Very Hard) Terran - Winner!

Build Orders: 2 Factory, Mech 

Get SALT Encoding   

  12  0:00  SCV  
  13  0:13  SCV  
  14  0:19  Supply Depot  
  14  0:25  SCV  
  15  0:40  SCV  
  16  0:43  Barracks  
  16  0:52  SCV  
  17  1:05  SCV  
  18  1:17  SCV, Supply Depot  
  19  1:21  Refinery  
  19  1:29  SCV  
  19  1:30  Marine  
  21  1:41  SCV  
  22  1:48  Marine  
  22  1:49  Refinery  
  22  1:53  SCV  
  24  2:05  SCV  
  24  2:06  Marine  
  26  2:17  SCV  
  26  2:20  Factory  
  27  2:24  Marine  
  27  2:29  SCV  
  29  2:39  Factory  
  29  2:41  SCV, Marine  
  29  2:43  Supply Depot  
  30  2:55  Orbital Command  
  30  2:59  Marine  
  30  3:05  Factory Tech Lab  
  31  3:17  Marine  
  32  3:20  SCV  
  32  3:24  Factory Tech Lab, Command Center  
  33  3:32  SCV  
  34  3:44  SCV  
  35  3:56  SCV  
  36  4:03  Barracks  
  36  4:08  SCV  
  37  4:14  Supply Depot  
  37  4:20  SCV  
  38  4:32  SCV  
  38  4:35  SCV, Siege Tank x2  
  38  4:38  Supply Depot  
  46  4:39  Marine  
  46  4:45  SCV  
  48  4:47  SCV  
  48  4:50  Supply Depot  
  49  4:57  SCV  
  51  5:00  SCV  
  51  5:02  Barracks  
  51  5:07  Siege Tank  
  51  5:08  Hellion  
  51  5:09  SCV  
  51  5:12  SCV  
  58  5:20  Barracks Tech Lab  
  58  5:21  SCV, Infernal Pre-Igniter  
  59  5:28  Command Center  
  59  5:29  Hellion  
  61  5:39  Siege Tank  
  64  5:50  Hellion  
  66  5:58  Supply Depot  
  66  6:06  Armory  
  66  6:12  Hellion, Siege Tank  
  71  6:22  Supply Depot  
  70  6:33  Siege Tank  
  73  6:40  SCV  
  73  6:41  SCV x2  
  73  6:44  Hellion  
  78  6:50  Refinery  
  78  6:52  SCV, Factory  
  79  6:54  SCV  
  79  6:59  Refinery  
  80  7:04  Terran Vehicle Weapons Level 1  
  80  7:05  Hellion, Thor  
  88  7:21  SCV  
  88  7:22  SCV  
  90  7:28  Orbital Command  
  90  7:31  Thor  
  90  7:34  Engineering Bay  
  96  7:52  Armory  
  96  7:53  Factory Tech Lab  
  96  8:00  Missile Turret  
  96  8:02  Missile Turret  
  96  8:05  Siege Tank  
  99  8:07  Supply Depot  
  99  8:08  SCV  
  99  8:11  Command Center  
  99  8:17  Siege Tank  
  102  8:33  Missile Turret  
  102  8:36  Thor  
  102  8:37  Supply Depot  
  108  8:54  Missile Turret  
  108  8:55  Thor  
  114  8:58  Widow Mine  
  116  9:03  Supply Depot  
  116  9:14  Missile Turret  
  116  9:19  Widow Mine  
  116  9:23  SCV  
  116  9:24  Refinery, SCV x3  
  121  9:33  Missile Turret  
  121  9:36  SCV x3  
  124  9:44  Missile Turret  
Show
View Real Time Build Order
Export as new Build Order

jheffe Terran 

Build Orders: Cyclone Opening 

Get SALT Encoding   

  12  0:00  SCV  
  13  0:12  SCV  
  14  0:17  Supply Depot  
  14  0:24  SCV  
  15  0:38  SCV  
  15  0:39  Barracks  
  16  0:43  Refinery  
  16  0:50  SCV  
  16  0:53  Refinery  
  17  1:02  SCV  
  18  1:15  SCV  
  19  1:26  Reaper  
  19  1:27  Orbital Command  
  19  1:28  Supply Depot  
  20  1:43  Factory  
  20  1:53  SCV  
  21  1:59  Reaper  
  22  2:05  SCV  
  23  2:15  Command Center  
  23  2:17  SCV  
  24  2:28  Hellion  
  24  2:29  SCV  
  27  2:31  Barracks Tech Lab  
  27  2:35  Supply Depot  
  27  2:45  Starport  
  27  2:46  SCV  
  28  2:55  Cyclone  
  28  2:58  SCV  
  32  3:01  Barracks Tech Lab  
  32  3:10  Refinery  
  32  3:11  SCV  
  33  3:23  SCV  
  34  3:27  Orbital Command  
  34  3:30  Raven  
  36  3:36  SCV  
  37  3:43  Cyclone  
  40  3:50  Barracks Reactor  
  40  3:53  SCV x2  
  42  4:05  SCV  
  42  4:06  SCV  
  42  4:08  Command Center  
  44  4:18  SCV x2, Supply Depot  
  44  4:19  Raven  
  48  4:27  Marine  
  48  4:28  Marine  
  48  4:30  SCV x2  
  52  4:36  Refinery  
  52  4:40  Siege Tank  
  52  4:42  SCV, Supply Depot  
  52  4:43  SCV  
  57  4:47  Marine x2  
  59  4:54  SCV  
  59  4:55  SCV  
  61  5:06  SCV  
  62  5:12  Viking x2, Stimpack  
  62  5:13  SCV  
  67  5:16  Siege Tank  
  70  5:22  Orbital Command  
  70  5:23  SCV  
  71  5:28  SCV  
  71  5:30  Barracks  
  71  5:31  Barracks  
  72  5:38  Orbital Command, SCV  
  72  5:40  SCV  
  74  5:43  Engineering Bay  
  74  5:44  Engineering Bay  
  74  5:45  Supply Depot  
  74  5:46  Viking  
  76  5:52  Viking  
  76  5:55  SCV x2  
  80  6:07  SCV x2  
  80  6:09  SCV  
  83  6:11  Terran Infantry Armor Level 1, Terran Infantry Weapons Level 1  
  83  6:15  Supply Depot x2  
  83  6:18  Barracks Reactor x2  
  83  6:19  SCV x2  
  83  6:21  SCV  
  83  6:24  Siege Tank  
  89  6:26  Viking  
  89  6:31  SCV x2  
  93  6:34  Supply Depot  
  93  6:36  Marine  
  93  6:37  SCV  
  93  6:39  Supply Depot  
  95  6:41  Supply Depot  
  95  6:43  SCV x2  
  97  6:48  Barracks  
  97  6:49  SCV  
  97  6:51  Barracks  
  98  6:55  SCV x2  
  98  6:56  Marine x3  
  98  6:57  Combat Shield, Marine x2  
  98  7:01  SCV, Viking  
  106  7:07  SCV  
  109  7:08  Armory  
  109  7:09  Siege Tank  
  109  7:11  SCV  
  109  7:13  Refinery x2  
  109  7:14  SCV  
  114  7:16  Marine x4  
  114  7:17  Marine  
  114  7:21  Supply Depot  
  119  7:27  Sensor Tower  
  119  7:28  SCV x2  
  121  7:34  Marine x2  
  121  7:35  Barracks Reactor  
  123  7:39  Barracks Reactor  
  123  7:40  Marine  
  123  7:41  Marine x2  
  126  7:50  Medivac x2, Siege Tank  
  133  7:52  Command Center, Marine x2  
  133  7:56  Supply Depot  
  133  7:57  Supply Depot  
  135  7:58  Marine x2  
  135  7:59  Marine  
  135  8:00  Terran Vehicle Weapons Level 1  
  135  8:02  SCV  
  135  8:04  SCV  
  140  8:09  Marine  
  140  8:12  Supply Depot  
  141  8:14  Factory  
  141  8:18  Marine x8  
  141  8:19  Supply Depot x2  
  149  8:22  Siege Tank, Medivac x2  
  149  8:24  SCV  
  157  8:33  Marine  
  158  8:38  Marine  
  158  8:39  Marine  
  160  8:46  Sensor Tower, Barracks Reactor, Missile Turret x3  
  160  8:52  Viking x2  
  160  8:54  Marine x5  
  160  8:55  Marine  
  170  9:00  Siege Tank  
  173  9:03  Marine x2  
  173  9:07  Refinery, Planetary Fortress  
  173  9:09  Refinery  
  175  9:12  Marine x2  
  177  9:20  Siege Tank  
  177  9:22  Marine x6  
  177  9:23  Marine  
  187  9:25  SCV  
  187  9:30  Marine  
  187  9:31  Marine  
  192  9:42  Starport  
Tags
 
Composition
Mech
League
Master
Matchup
TvT
Player
jheffe
Race
Terran
Spawn Locations
Cross Positions
Add a new tag
Caveats
  • Supply blocks, unpowered buildings, or Contaminate may cause inaccurate times.
  • Supply counts are checked every 10 seconds.